 Dungeon Crawl Stone Soup version 0.29.1-13-g9f3cf754e1 (webtiles) character file.

Game seed: 2835388277496084894

100 cheesebisquit the Shooter (level 4, -5/38 HPs)
             Began as a Minotaur Hunter on Jan 23, 2023.
             Slain by Sigmund
             ... wielding a +0 scythe
              (11 damage)
             ... on level 2 of the Dungeon.
             The game lasted 00:03:39 (1337 turns).

cheesebisquit the Shooter (Minotaur Hunter)         Turns: 1337, Time: 00:03:40

Health: -5/38      AC:  3    Str: 15    XL:     4   Next: 46%
Magic:  3/3        EV: 12    Int:  6    God:
Gold:   88         SH:  0    Dex: 16    Spells: 3/3 levels left

rFire   + . .      SeeInvis .   a - +0 shortbow
rCold   + . .      Faith    .   (shield currently unavailable)
rNeg    . . .      Spirit   .   c - +0 leather armour
rPois   +          Reflect  .   (helmet restricted)
rElec   +          Harm     .   (no cloak)
rCorr   +          Rampage  .   (no gloves)
Will    .....                   (no boots)
Stlth   +.........              (no amulet)
HPRegen 0.12/turn               (no ring)
MPRegen 0.08/turn               (no ring)

@: confused, resistant
A: horns 2, retaliatory headbutt
a: no special abilities


You were on level 2 of the Dungeon.
You visited 1 branch of the dungeon, and saw 2 of its levels.

You collected 88 gold pieces.

Inventory:

Hand Weapons
 a - a +0 shortbow (weapon)
Missiles
 j - 3 poisoned darts
Armour
 c - a +0 leather armour (worn)
Scrolls
 b - 2 scrolls of immolation
 d - 2 scrolls of amnesia {unknown}
 f - 2 scrolls of identify
 i - a scroll of noise {unknown}
Potions
 e - a potion of berserk rage


   Skills:
 - Level 3.2 Fighting
 + Level 5.5 Ranged Weapons
 - Level 2.9 Dodging
 - Level 1.7 Stealth


You had 3 spell levels left.
You didn't know any spells.
Your spell library contained the following spells:

 Spells                   Type           Power      Damage    Failure   Level
 Gell's Gravitas          Tloc           0%         N/A       88%         3
 Lesser Beckoning         Tloc           0%         N/A       88%         3
 Teleport Other           Tloc           0%         N/A       88%         3


Dungeon Overview and Level Annotations

Branches:
Dungeon (2/15)

Altars:
Qazlal

Annotations:
D:2 Sigmund


Innate Abilities, Weirdness & Mutations

You have a pair of horns on your head.
You reflexively headbutt those who attack you in melee.


Message History

Sigmund hits you from afar with a +0 scythe.
You are too injured to fight recklessly!
Fire: a) +0 shortbow
Press: ? - help, Q - select action, (/) - cycle Shift-Dir - straight line, f/p - Sigmund
Aim: Sigmund, wielding a +0 scythe and wearing a +0 robe (heavily wounded, 60% to hit)
You shoot an arrow. The arrow hits Sigmund.
Sigmund is severely wounded.
Fire: a) +0 shortbow
Press: ? - help, Q - select action, (/) - cycle Shift-Dir - straight line, f/p - Sigmund
Aim: Sigmund, wielding a +0 scythe and wearing a +0 robe (severely wounded, 60% to hit)
You shoot an arrow. The arrow hits Sigmund.
Sigmund is severely wounded.
Sigmund looks at you with fury.
Sigmund gestures wildly while chanting.
Sigmund flickers and vanishes!
Deactivating autopickup; reactivate with Ctrl-A.
You hear some strange, mumbled words.
A puff of flame appears from out of thin air!
The puff of flame misses you.
As you read the scroll labelled PUBRONGALL, it crumbles to dust.
It is a scroll of identify.
e - a potion of berserk rage You hear some strange, mumbled words.
A puff of flame appears from out of thin air!
The puff of flame hits you.
* * * LOW HITPOINT WARNING * * *
It was a potion of cancellation.
You feel magically purged. Something hits you.
* * * LOW HITPOINT WARNING * * *
It was a potion of curing.
You feel better.
It was a potion of resistance.
You feel protected.
You hear some strange, mumbled words.
You are confused.
You are too confused!
You hear some strange, mumbled words.
A puff of flame appears from out of thin air!
The puff of flame hits you. You resist.
* * * LOW HITPOINT WARNING * * *
Something hits you!
You die...

# #....# # ####.# ### #
#... ..# # #...# #.# #
###...#### #.# #
......... #.# # ...###.#
####.##### ...# #.#
##......... # #. #@#
#.....##### #.#.#.###.#
#..#### ........{.###
#..# .#.#...###.## #..#
#..........###..#
#...#..#.#.#.##..#
#..........†......#
#####..##.#.#.#.........
#.............#######


There were no monsters in sight!

Vanquished Creatures
  Terence (D:2)
  3 gnolls (D:2)
  2 adders (D:2)
  A dart slug (D:1)
  2 endoplasms (D:1)
  2 hobgoblins
  A quokka (D:1)
  A ball python (D:1)
  2 bats (D:1)
  5 frilled lizards (D:1)
  5 goblins
  6 rats
31 creatures vanquished.

Notes
Turn   | Place    | Note
-------+----------+-------------------------------------------
     0 | D:1      | cheesebisquit the Minotaur Hunter began the quest for the
                  | Orb.
     0 | D:1      | Reached XP level 1. HP: 18/18 MP: 0/0
    47 | D:1      | Found a faded altar of an unknown god.
    74 | D:1      | Reached skill level 1 in Stealth
   218 | D:1      | Reached XP level 2. HP: 25/25 MP: 1/1
   647 | D:2      | Noticed Terence
   659 | D:2      | Killed Terence
   660 | D:2      | Reached XP level 3. HP: 22/31 MP: 2/2
   868 | D:2      | Reached skill level 5 in Ranged Weapons
   881 | D:2      | Found a stormy altar of Qazlal.
   926 | D:2      | Reached XP level 4. HP: 38/38 MP: 3/3
  1317 | D:2      | Noticed Sigmund
  1337 | D:2      | Slain by Sigmund

Illustrated notes

Levels and vault maps discovered:
D:1:      dpeg_arrival_rooms_a, layout_basic,
          ebering_ecumenical_altar_sacrificial
D:2:      layout_loops_ring, basic_altar, uniq_sigmund, uniq_terence

Skill      XL: |  1  2  3 |
---------------+----------+-----
Stealth        | 1 |  1.7
Fighting       | 3 |  3.2
Ranged Weapons | 5 |  5.5
Dodging        | |  2.9

Action                   |  1- 3 |  4- 6 || total
-------------------------+-------+-------++-------
 Fire: Shortbow          |    77 |    31 ||   108
  Use: Potion            |       |     3 ||     3
       Scroll            |       |     1 ||     1
Armor: Leather armour    |     5 |       ||     5
Dodge: Dodged            |    17 |     8 ||    25
